 Dungeon Crawl Stone Soup version 0.27.0-1-g7a08968 (webtiles) character file.

Game seed: 14970057717623702310

334513 NeededCrab the Bludgeoner (level 22, -6/180 HPs)
             Began as a Formicid Fighter on Oct 18, 2021.
             Was the Champion of Okawaru.
             Killed from afar by a tengu reaver (21 damage)
             ... with a bolt of fire
             ... led by Sojobo
             ... on level 3 of the Vaults on Oct 19, 2021.
             The game lasted 03:00:08 (53309 turns).

NeededCrab the Bludgeoner (Formicid Fighter)       Turns: 53309, Time: 03:00:08

Health: -6/180     AC: 42    Str: 26    XL:     22   Next: 82%
Magic:  0/30       EV: 15    Int: 10    God:    Okawaru [******]
Gold:   1756       SH: 34    Dex: 21    Spells: 21/21 levels left

rFire    + . .     SeeInvis +   V - +9 great mace (venom)
rCold    + + .     Faith    .   q - +10 tower shield of Ignorance {rN+ Int-4}
rNeg     + + +     Spirit   +   G - +9 crystal plate armour "Okaujab" {rN+ Dex+6}
rPois    .         Reflect  .   (helmet unavailable)
rElec    .         Harm     .   c - scarf {rC+ rF+}
rCorr    .         Rampage  .   z - +0 pair of fencer's gloves {Riposte Dex+3}
Will     ++++.                  A - +1 pair of boots of Circular Logic {rN+ Regen+}
Stlth    ..........             b - amulet of guardian spirit
HPRegen  1.40/turn              W - ring of Pride {Fly Int+3}
MPRegen  0.22/turn              e - ring of Juirocki {rC+ Will++ SInv}

@: silenced (expiring), heroic, finesse-ful, flying
A: permanent stasis, dig shafts and tunnels, antennae 3, four strong arms
}: 2/15 runes: barnacled, gossamer
a: Dig, Shaft Self, Renounce Religion


You were on level 3 of the Vaults.
You worshipped Okawaru.
Okawaru was exalted by your worship.
You visited 7 branches of the dungeon, and saw 36 of its levels.
You also visited: Bailey, Gauntlet and Ice Cave.

You collected 4917 gold pieces.
You spent 3161 gold pieces at shops.

Inventory:

Hand Weapons
 R - the +5 demon whip "Spellbinder" {antimagic, Will+}
   (You found it on level 1 of the Lair of Beasts)

   It reduces the magical energy of the wielder, and disrupts the spells and
   magical abilities of those it strikes.
   Natural abilities and divine invocations are not affected.
   It unleashes wild and unpredictable magical effects upon striking a wizard or
   a creature with magical abilities.
   Will:      It increases your willpower.
 V - a +9 great mace of venom (weapon)
Armour
 c - a scarf of resistance (worn)
 j - a +2 cloak of willpower
 q - the +10 tower shield of Ignorance (worn) {rN+ Int-4}
   (You found it on level 2 of the Spider Nest)

   Int:       It affects your intelligence (-4).
   rN:        It protects you from negative energy.
 z - the +0 pair of fencer's gloves (worn) {Riposte Dex+3}
   (You acquired it on level 2 of the Spider Nest)

   It allows the wearer to riposte with any weapon, or to riposte more often
   with a long blade, swiftly retaliating against a missed attack.
   Dex:       It affects your dexterity (+3).
 A - the +1 pair of boots of Circular Logic (worn) {rN+ Regen+}
   (Okawaru gifted it to you on level 4 of the Shoals)

   rN:        It protects you from negative energy.
   Regen:     It increases your rate of health regeneration.
 D - a +0 crystal plate armour
 G - the +9 crystal plate armour "Okaujab" (worn) {rN+ Dex+6}
   (You bought it in a shop on level 2 of the Orcish Mines)

   Dex:       It affects your dexterity (+6).
   rN:        It protects you from negative energy.
 O - a +2 pair of boots of flying
Jewellery
 a - the ring "Xoyb" {+Blink rElec rC- rCorr Int+6}
   (You found it on level 5 of the Lair of Beasts)

   [ring of intelligence]

   Int:       It affects your intelligence (+6).
   rC:        It makes you vulnerable to cold.
   rElec:     It insulates you from electricity.
   +Blink:    It lets you blink.
   rCorr:     It protects you from acid and corrosion.
 b - an amulet of guardian spirit (around neck)
 e - the ring of Juirocki (right hand) {rC+ Will++ SInv}
   (You found it on level 3 of the Lair of Beasts)

   [ring of see invisible]

   rC:        It protects you from cold.
   SInv:      It lets you see invisible.
   Will:      It greatly increases your willpower.
 o - a ring of ice
 w - an amulet of faith
 I - a +6 ring of strength
 M - a +6 ring of dexterity
 N - a ring of protection from fire
 Q - a ring of wizardry
 W - the ring of Pride (left hand) {Fly Int+3}
   (You took it off a minotaur in a Gauntlet)

   [ring of flight]

   Int:       It affects your intelligence (+3).
   Fly:       It grants you flight.
 X - a ring of resist corrosion
Wands
 g - a wand of acid (45)
 p - a wand of polymorph (52)
 r - a wand of mindburst (9)
 y - a wand of iceblast (18)
 E - a wand of flame (63)
 H - a wand of digging (19)
 K - a wand of paralysis (15)
 L - a wand of charming (1)
Scrolls
 f - 5 scrolls of fog
 n - 2 scrolls of holy word
 s - 3 scrolls of amnesia
 u - 4 scrolls of silence
 v - 2 scrolls of enchant armour
 F - 2 scrolls of magic mapping
 T - 3 scrolls of summoning
 U - a scroll of enchant weapon
 Y - a scroll of fear
Potions
 d - 4 potions of might
 h - 3 potions of mutation
 i - 7 potions of curing
 k - 5 potions of magic
 m - 5 potions of ambrosia
 x - 6 potions of brilliance
 B - a potion of resistance
 C - 5 potions of invisibility
 Z - 2 potions of cancellation
Miscellaneous
 l - a lightning rod (4/4)
 t - a condenser vane
 J - a phial of floods
 P - a box of beasts
 S - a phantom mirror


   Skills:
 + Level 16.9(21.9) Fighting
 - Level 20.0(25.0) Maces & Flails
 + Level 17.1(22.1) Armour
 + Level 10.2(15.2) Dodging
 - Level 15.0(20.0) Shields
 - Level 11.6 Invocations
 - Level 12.4 Evocations


You had 21 spell levels left.
You didn't know any spells.
Your spell library contained the following spells:

 Spells                   Type           Power      Damage    Failure   Level
 Animate Skeleton         Necr           0%         N/A       99%         1
 Beastly Appendage        Tmut           0%         N/A       99%         1
 Corona                   Hex            0%         N/A       99%         1
 Freeze                   Ice            0%         1d3       99%         1
 Magic Dart               Conj           0%         1d3       99%         1
 Pain                     Necr           0%         1d4       99%         1
 Summon Small Mammal      Summ           0%         N/A       99%         1
 Ensorcelled Hibernation  Hex/Ice        0%         N/A       99%         2
 Passwall                 Tmut/Erth      0%         N/A       99%         2
 Searing Ray              Conj           0%         3d3       99%         2
 Sublimation of Blood     Necr           0%         N/A       99%         2
 Wereblood                Tmut           0%         N/A       99%         2
 Call Canine Familiar     Summ           0%         N/A       100%        3
 Conjure Flame            Conj/Fire      0%         6-21      100%        3
 Frozen Ramparts          Ice            0%         1d2       100%        3
 Gell's Gravitas          Tloc           0%         N/A       100%        3
 Ignite Poison            Fire/Tmut/Pois 0%         N/A       100%        3
 Lesser Beckoning         Tloc           0%         N/A       100%        3
 Ozocubu's Armour         Ice            0%         N/A       100%        3
 Spider Form              Tmut/Pois      0%         N/A       100%        3
 Summon Guardian Golem    Hex/Summ       0%         N/A       100%        3
 Teleport Other           Tloc           0%         N/A       100%        3
 Tukima's Dance           Hex            0%         N/A       100%        3
 Vampiric Draining        Necr           0%         2d6       100%        3
 Fulminant Prism          Conj/Hex       0%         3d6       100%        4
 Hailstorm                Conj/Ice       0%         3d3       100%        4
 Leda's Liquefaction      Hex/Erth       0%         N/A       100%        4
 Petrify                  Tmut/Erth      0%         N/A       100%        4
 Sticky Flame             Conj/Fire      0%         2d3       100%        4
 Blade Hands              Tmut           0%         N/A       100%        5
 Borgnjor's Vile Clutch   Necr/Erth      0%         N/A       100%        5
 Freezing Cloud           Conj/Ice/Air   0%         6-21      100%        5
 Irradiate                Conj/Tmut      0%         3d13      100%        5
 Invisibility             Hex            0%         N/A       100%        6
 Simulacrum               Ice/Necr       0%         N/A       100%        6
 Dragon Form              Tmut           0%         N/A       100%        7
 Ozocubu's Refrigeration  Ice            0%         4d5       100%        7
 Polar Vortex             Ice            0%         N/A       100%        9
 Swiftness                Air            Unusable   N/A       N/A         3

Dungeon Overview and Level Annotations

Branches:
Dungeon (15/15)            Temple (1/1) D:4            Lair (6/6) D:10
 Shoals (4/4) Lair:3       Spider (4/4) Lair:4        Slime (0/5) Lair:5
    Orc (2/2) D:11            Elf (0/3) Orc:2        Vaults (4/5) D:14
 Depths (0/5) D:15         Bailey (visited)           IceCv (visited)
Gauntlet (visited)
  Crypt: Vaults:2-3

Altars:
Ashenzari
Cheibriados
Dithmenos
Elyvilon
Fedhas
Gozag
Hepliaklqana
Kikubaaqudgha
Makhleb
Nemelex Xobeh
Okawaru
Qazlal
Ru
Sif Muna
Trog
Uskayaw
Vehumet
Wu Jian
Xom
Yredelemnul
Zin
The Shining One
Beogh
Jiyva

Shops:
D:2 (   D:9 [   D:10 *   Orc:2 *[([   Shoals:2 =   Vaults:1 ([[

Annotations:
D:9 exclusions: obsidian statue and orange crystal statue
D:10 2 runed translucent doors, Vixxxy's ghost, journeyman GnWr
Vaults:3 Sojobo


Innate Abilities, Weirdness & Mutations

You cannot be hasted, slowed, berserked, paralysed or teleported.
You can dig through walls and to a lower floor.
You have a pair of large antennae on your head. (SInv)
Your four strong arms can wield two-handed weapons with a shield.


Message History

You closely miss Sojobo.
Sojobo is heavily wounded.
Sojobo hits you but does no damage.
You are electrocuted!
* * * LOW HITPOINT WARNING * * *
You block Sojobo's attack. x2
An ironbound preserver comes into view. It is wielding a +0 great mace.
You closely miss Sojobo.
Sojobo is heavily wounded.
You block the tengu reaver's attack. x3
A deep troll comes into view.
You hit Sojobo but do no damage.
Sojobo is heavily wounded.
You bludgeon Sojobo!!
Sojobo is heavily wounded.
You block Sojobo's attack. x2; Sojobo claws you but does no damage.
You barely miss Sojobo.
Sojobo is heavily wounded.
The tengu reaver casts a spell at you.
The bolt of cold hits you but does no damage.
You miss Sojobo.
Sojobo is heavily wounded.
You block Sojobo's attack. Sojobo pecks you but does no damage.
You block Sojobo's attack.
You thump Sojobo!
Sojobo looks as sick as possible!
Sojobo is heavily wounded.
You thump Sojobo!
Sojobo looks as sick as possible!
Sojobo is severely wounded.
You block the tengu reaver's attack. x3
You closely miss Sojobo.
Sojobo is severely wounded.
You bludgeon Sojobo!!
Sojobo is almost dead.
Sojobo hits you with a +2 great sword of electrocution!
* * * LOW HITPOINT WARNING * * *
Sojobo pecks you but does no damage. You block Sojobo's attack.
You thump Sojobo!
Sojobo is almost dead.
The tengu reaver casts a spell at you. The bolt of fire hits you!! You resist.
You die...

#..T≈≈≈≈..# ############
#..≈≈≈≈≈..# #.#.#...#.#.
#...≈≈≈...# ##.#.#.#[#.#
#.≈≈≈⌠≈≈≈.# #.#.#.#.#.#.
#..≈≈≈T≈..# ##.#.###.#.#
#..≈≈≈≈≈{§# #.#.#...#.#.
#..≈≈p≈TT{# #..##.#.##..
##.[..{TQ## #.#.#...#.#.
#......TQ@# ##.#.###.#.#
########[######### #.#.#)#)#.#.
..##.##..)# ##.#.#)#.#.#
..##.##...# #.#.#..)#.#.
..........# #####'######
#.......########### #......#
#))÷....###.......########......#
..>.......#.......'......#......#
#.......###.......'......#......#


You could see Sojobo (repels missiles, extremely poisoned), a tengu reaver and 4
deep trolls.

Vanquished Creatures
  Nikola (Shoals:2)
  Rupert (D:14)
  Jorgrun (Shoals:1)
  A lich (Vaults:4)
  A kraken (Shoals:4)
  A sphinx (Vaults:3)
  Donald (Shoals:1)
  A tengu reaver (Vaults:3)
  Ilsuiw (Shoals:2)
  7 vault wardens
  4 ghost moths
  4 emperor scorpions
  4 orc warlords
  A reaper (IceCv)
  8 ironbound preservers
  2 war gargoyles
  A minotaur (Gauntlet)
  2 entropy weavers
  4 spark wasps (Spider:4)
  A dire elephant (Lair:6)
  8 merfolk javelineers
  A fire dragon (Lair:5)
  8 merfolk impalers
  7 yaktaur captains
  3 crystal guardians
  Josephine (Orc:1)
  11 hydras
  Fannar (Lair:1)
  4 vault guards
  3 ironbound thunderhulks
  4 merfolk avatars
  2 rakshasas
  6 ironbound frosthearts
  A great orb of eyes (Vaults:4)
  6 boulder beetles
  Erolcha (Orc:2)
  3 peacekeepers
  16 centaur warriors
  9 merfolk aquamancers
  4 catoblepae
  A satyr (Shoals:4)
  3 two-headed ogres
  2 dancing weapons (D:14)
  3 alligators (Shoals:4)
  2 alligator snapping turtles
  13 death yaks
  3 orc high priests
  An ironbound beastmaster (Vaults:3)
  2 tengu warriors
  Urug (Orc:1)
  A hell knight (Vaults:1)
  4 skeletal warriors
  13 sea snakes
  14 deep trolls
  A flayed ghost (D:13)
  A glowing orange brain (Vaults:4)
  11 wizards
  3 lindwurms
  3 ironbound convokers
  23 harpies
  A necromancer (D:15)
  5 orc knights
  18 orb spiders
  4 deep elf pyromancers
  32 ugly things
  27 wolf spiders
  An orc sorcerer (Orc:2)
  2 oklob plants (Lair:3)
  A manticore (shapeshifter) (D:13)
  2 elephants (Lair:6)
  2 moths of wrath
  7 cyclopes
  21 manticores
  2 naga magi (D:15)
  A rust devil (Gauntlet)
  8 vault sentinels
  An ice statue (IceCv)
  6 water nymphs
  5 merfolk sirens
  A guardian serpent (shapeshifter) (D:13)
  4 torpor snails
  A black mamba (shapeshifter) (D:15)
  6 black mambas
  Joseph (D:8)
  2 centaur skeletons (D:15)
  4 gargoyles
  6 komodo dragons
  13 cane toads
  2 unseen horrors
  15 demonic crawlers
  23 yaktaurs
  2 kobold demonologists
  2 rime drakes (Lair:6)
  2 freezing wraiths
  2 ice devils (Lair:3)
  3 efreet
  2 tengu conjurers
  30 jumping spiders
  A tyrant leech (Gauntlet)
  A polar bear (Lair:5)
  A meliai (D:13)
  34 merfolk
  8 trolls
  17 hornets
  6 wind drakes
  Prince Ribbit (D:8)
  19 slime creatures
  12 blink frogs
  12 dream sheep
  8 snapping turtles
  A centaur simulacrum (D:15)
  44 tarantellas
  88 redbacks
  5 wraiths (Orc:1)
  A dire elephant simulacrum (IceCv)
  Sigmund (D:3)
  54 yaks
  8 wyverns
  A ynoxinul (Gauntlet)
  3 basilisks
  11 water elementals
  A yak (shapeshifter) (D:13)
  A fire elemental (Gauntlet)
  2 death yak simulacra (IceCv)
  A steam dragon (Lair:3)
  7 wargs
  6 vampire mosquitoes
  3 swamp worms (Gauntlet)
  2 harpy simulacra (IceCv)
  Edmund (D:6)
  2 acid dragons (D:11)
  A hell hound (Gauntlet)
  10 water moccasins
  A meliai simulacrum (D:14)
  37 orc warriors
  3 sky beasts
  3 black bears
  An ice beast (D:6)
  4 ogres
  A necrophage (D:7)
  15 centaurs
  5 boggarts
  20 wolves
  A phantom (D:4)
  A kobold brigand (D:10)
  11 scorpions
  A wyvern zombie (D:7)
  17 bullfrogs
  4 two-headed ogre simulacra (IceCv)
  A cane toad simulacrum (IceCv)
  A water moccasin skeleton (D:5)
  A killer bee (D:8)
  9 wights
  4 elephant simulacra (IceCv)
  A howler monkey (D:6)
  3 electric eels (Lair:1)
  A lava snake (Lair:5)
  6 centaur zombies
  4 hounds
  4 jellies
  A bullfrog skeleton (D:6)
  17 orc priests
  4 iron imps (Gauntlet)
  3 iguanas
  31 orc wizards
  3 polar bear simulacra (IceCv)
  3 spriggan simulacra (IceCv)
  6 troll simulacra (IceCv)
  3 wolf simulacra (IceCv)
  A killer bee zombie (D:6)
  A howler monkey zombie (D:9)
  A gnoll (Bailey)
  5 adders
  5 naga simulacra (IceCv)
  3 shadow imps
  6 white imps
  9 ufetubi
  An adder skeleton (D:4)
  2 worms (D:3)
  2 dart slugs
  103 orcs
  11 endoplasms
  10 giant cockroaches
  14 goblins
  10 hobgoblins
  5 jackals (D:1)
  2 quokkas
  10 bats
  4 frilled lizards
  A jackal skeleton (D:4)
  19 kobolds
  4 rats
  5 tentacles (Shoals:4)
1357 creatures vanquished.

Vanquished Creatures (others)
  2 wizards
  A wolf spider (Spider:4)
  A moth of wrath (Spider:3)
  A jumping spider (Spider:4)
  A white imp (IceCv)
  21 fungi
  132 plants
  27 tentacles (Shoals:4)
186 creatures vanquished.

Grand Total: 1543 creatures vanquished

Notes
Turn   | Place    | Note
-------+----------+-------------------------------------------
     0 | D:1      | NeededCrab the Formicid Fighter began the quest for the
                  | Orb.
     0 | D:1      | Reached XP level 1. HP: 18/18 MP: 1/1
    59 | D:1      | Reached XP level 2. HP: 24/24 MP: 2/2
   505 | D:1      | Reached XP level 3. HP: 16/29 MP: 3/3
   731 | D:1      | Found a faded altar of an unknown god.
  1345 | D:2      | Found Solacazi's Weapon Emporium.
  1974 | D:2      | Reached XP level 4. HP: 35/35 MP: 4/4
  2043 | D:2      | Reached skill level 3 in Maces & Flails
  2227 | D:3      | Noticed Sigmund
  2234 | D:3      | Killed Sigmund
  2235 | D:3      | Reached skill level 4 in Maces & Flails
  2235 | D:3      | Reached skill level 5 in Shields
  2235 | D:3      | Reached XP level 5. HP: 41/41 MP: 5/5
  2235 | D:3      | Reached XP level 6. HP: 47/47 MP: 6/6
  3614 | D:4      | Found a staircase to the Ecumenical Temple.
  3625 | Temple   | Entered the Ecumenical Temple
  3668 | Temple   | Became a worshipper of Warmaster Okawaru
  3820 | D:4      | Reached XP level 7. HP: 45/52 MP: 7/7
  4270 | D:4      | Reached skill level 1 in Invocations
  4408 | D:5      | Entered Level 5 of the Dungeon
  4620 | D:4      | Reached skill level 5 in Maces & Flails
  4629 | D:4      | Reached * piety under Okawaru
  4655 | D:5      | Reached skill level 5 in Armour
  4713 | D:4      | Reached XP level 8. HP: 57/58 MP: 9/9
  4987 | D:5      | Reached skill level 6 in Maces & Flails
  5816 | D:6      | Reached ** piety under Okawaru
  5943 | D:6      | Reached XP level 9. HP: 59/64 MP: 11/11
  6079 | D:6      | Noticed Edmund
  6094 | D:6      | Killed Edmund
  6506 | D:6      | Reached skill level 7 in Maces & Flails
  7427 | D:8      | Noticed Joseph
  7546 | D:8      | Found a runed translucent door.
  7548 | D:8      | Found a runed translucent door.
  7636 | D:8      | Reached *** piety under Okawaru
  7637 | D:8      | Reached skill level 5 in Invocations
  8107 | D:8      | Reached skill level 8 in Maces & Flails
  8186 | D:8      | Reached XP level 10. HP: 65/70 MP: 14/14
  8248 | D:8      | Killed Joseph
  8248 | D:8      | Reached **** piety under Okawaru
  8458 | D:8      | Noticed Prince Ribbit
  8508 | D:8      | Killed Prince Ribbit
  8509 | D:8      | Reached skill level 9 in Maces & Flails
  8998 | D:8      | Found an opulent altar of Gozag.
  9672 | D:8      | Reached ***** piety under Okawaru
 10224 | D:9      | Noticed an orange crystal statue
 10278 | D:9      | Noticed an obsidian statue
 10339 | D:9      | Found Readud's Antique Armour Emporium.
 10345 | D:9      | Bought a cloak for 121 gold pieces
 10444 | D:10     | Entered Level 10 of the Dungeon
 10516 | D:10     | Found a staircase to the Lair.
 10516 | D:10     | Noticed a komodo dragon
 10539 | D:10     | Killed a komodo dragon
 10540 | D:10     | Reached skill level 10 in Maces & Flails
 10624 | D:10     | Reached XP level 11. HP: 78/78 MP: 16/16
 10640 | D:10     | Received a gift from Okawaru
 10689 | D:10     | Noticed a cyclops
 10722 | D:10     | Killed a cyclops
 10723 | D:10     | Reached skill level 5 in Fighting
 10833 | D:10     | Found a large runed translucent door.
 10833 | D:10     | Found a large runed translucent door.
 10833 | D:10     | Noticed Vixxxy's ghost (journeyman GnWr)
 11278 | D:10     | Found Hyrchog's Changing Room.
 11289 | D:10     | Reached skill level 11 in Maces & Flails
 12070 | D:11     | Noticed a two-headed ogre
 12406 | D:10     | Killed a two-headed ogre
 12583 | D:11     | Received a gift from Okawaru
 12652 | D:11     | Reached XP level 12. HP: 71/89 MP: 18/18
 12747 | D:11     | Noticed a centaur warrior
 12780 | D:11     | Killed a centaur warrior
 13099 | D:11     | Found a staircase to the Orcish Mines.
 13268 | D:11     | Found a sparkling altar of Nemelex Xobeh.
 13984 | Lair:1   | Entered Level 1 of the Lair of Beasts
 14342 | Lair:1   | Noticed Fannar
 14386 | Lair:1   | Killed Fannar
 14387 | Lair:1   | Reached skill level 12 in Maces & Flails
 14923 | Lair:1   | Found the +5 demon whip "Spellbinder" {antimagic, Will+}
 15221 | Lair:1   | Reached skill level 10 in Armour
 15403 | Lair:2   | Noticed an eight-headed hydra
 15729 | D:10     | Killed an eight-headed hydra
 15730 | D:10     | Reached skill level 10 in Invocations
 15945 | Lair:2   | Received a gift from Okawaru
 16280 | Lair:2   | Reached XP level 13. HP: 88/99 MP: 6/20
 16828 | Lair:2   | Reached skill level 13 in Maces & Flails
 17726 | Lair:3   | Found a staircase to the Shoals.
 17755 | Lair:3   | Identified the ring of Juirocki {rC+ Will++ SInv}
 17782 | Lair:3   | Found a frozen archway.
 17854 | IceCv    | Entered an ice cave
 18882 | IceCv    | Noticed a reaper
 18906 | IceCv    | Killed a reaper
 18906 | IceCv    | Received a gift from Okawaru
 19005 | IceCv    | HP: 1/101 [dire elephant simulacrum (7)]
 19911 | Lair:3   | Found a radiant altar of Vehumet.
 20256 | Lair:3   | Reached skill level 14 in Maces & Flails
 20820 | Lair:4   | Reached XP level 14. HP: 95/109 MP: 7/22
 20914 | Lair:4   | Found a hole to the Spider Nest.
 20939 | Lair:4   | Received a gift from Okawaru
 20947 | Lair:4   | Reached skill level 1 in Evocations
 21130 | Lair:4   | Reached skill level 10 in Fighting
 22022 | Lair:4   | You are sucked into a shaft and drop 1 floor!
 22022 | Lair:5   | Found a staircase to the Slime Pits.
 22022 | Lair:5   | Found a viscous altar of Jiyva.
 22155 | Lair:5   | Reached ****** piety under Okawaru
 22183 | Lair:5   | Identified the ring "Xoyb" {+Blink rElec rC- rCorr Int+6}
 22744 | Lair:5   | Identified the +8 longbow of Fuzzy Defence {vorpal, rElec
                  | rPois Will- Int+2}
 22919 | Lair:5   | Reached skill level 15 in Maces & Flails
 23109 | Lair:5   | Received a gift from Okawaru
 23943 | Lair:6   | Entered Level 6 of the Lair of Beasts
 24230 | Lair:6   | Found a gate leading to a gauntlet.
 24242 | Gauntlet | Entered a Gauntlet
 24242 | Gauntlet | Found a transporter.
 24256 | Gauntlet | Found a transporter.
 24256 | Gauntlet | Found a transporter.
 24257 | Gauntlet | Found a transporter.
 24268 | Gauntlet | Found a transporter.
 24268 | Gauntlet | Found a transporter.
 24269 | Gauntlet | Found a transporter.
 24281 | Gauntlet | Found a transporter.
 24282 | Gauntlet | Found a transporter.
 24282 | Gauntlet | Found a transporter.
 24290 | Gauntlet | Found a transporter.
 24293 | Gauntlet | Found a transporter.
 24294 | Gauntlet | Found a transporter.
 24302 | Gauntlet | Found a transporter.
 25068 | Gauntlet | Received a gift from Okawaru
 25240 | Gauntlet | Identified the +2 plate armour of Kietaosi {Contam +Blink
                  | rN+}
 25240 | Gauntlet | Identified the ring of Pride {Fly Int+3}
 25240 | Gauntlet | Noticed a minotaur
 25257 | Gauntlet | Killed a minotaur
 25258 | Gauntlet | Reached skill level 5 in Evocations
 25522 | Lair:6   | Reached XP level 15. HP: 90/118 MP: 7/23
 26758 | Lair:6   | Received a gift from Okawaru
 27537 | D:12     | Reached skill level 16 in Maces & Flails
 28966 | D:13     | Reached skill level 1 in Dodging
 29014 | D:13     | Identified the +10 flail "Yloalleu" {speed, +Rage Fly
                  | rElec} (Okawaru gifted it to you on level 13 of the
                  | Dungeon)
 29014 | D:13     | Received a gift from Okawaru
 29030 | D:13     | Found a flagged portal.
 29035 | Bailey   | Entered a bailey
 29052 | Bailey   | Noticed an orc warlord
 29120 | Bailey   | Found a runed translucent gate.
 29120 | Bailey   | Found a runed translucent gate.
 29120 | Bailey   | Found a runed translucent gate.
 29229 | Bailey   | Identified a scroll of acquirement
 29229 | Bailey   | Acquired 836 gold pieces
 29296 | Bailey   | Killed an orc warlord
 29319 | Bailey   | Reached skill level 5 in Dodging
 29319 | Bailey   | Reached XP level 16. HP: 127/127 MP: 21/24
 29320 | Bailey   | Reached skill level 17 in Maces & Flails
 29320 | Bailey   | Reached XP level 17. HP: 133/133 MP: 21/25
 30071 | D:13     | Identified the +6 spear of Murint Enaar {vorpal, rN+}
 30275 | D:13     | Reached XP level 18. HP: 62/140 MP: 17/26
 30691 | D:13     | Got the Catalogue of Mezcal
 31240 | D:13     | Identified the ring "Comaaleh" {MP+9 Dex+2}
 31716 | Orc:1    | Entered Level 1 of the Orcish Mines
 31720 | Orc:1    | Noticed Urug
 31735 | Orc:1    | Killed Urug
 32199 | Orc:2    | Entered Level 2 of the Orcish Mines
 32478 | Orc:2    | Noticed Erolcha
 32572 | Orc:1    | Noticed Josephine
 32587 | Orc:1    | Killed Josephine
 32877 | Orc:2    | Killed Erolcha
 32880 | Orc:2    | Found Emni's Armour Boutique.
 33050 | Orc:2    | Found a staircase to the Elven Halls.
 33231 | Orc:2    | Reached skill level 18 in Maces & Flails
 33788 | Orc:2    | Found Miylig's Antique Armour Shoppe.
 33789 | Orc:2    | Found Zelyshid's Antique Weapon Emporium.
 33802 | Orc:2    | Bought a smoking crystal plate armour for 2720 gold pieces
 33802 | Orc:2    | Identified the +9 crystal plate armour "Okaujab" {rN+
                  | Dex+6} (You bought it in a shop on level 2 of the Orcish
                  | Mines)
 33867 | Orc:2    | Found Ciptecka's Assorted Antiques.
 34031 | D:14     | Received a gift from Okawaru
 34208 | D:14     | Found a white marble altar of Elyvilon.
 34257 | D:14     | Noticed Rupert
 34276 | D:14     | Killed Rupert
 34437 | D:14     | Found a gate to the Vaults.
 34798 | D:15     | Entered Level 15 of the Dungeon
 34854 | D:15     | Found a shimmering altar of Xom.
 34856 | D:15     | Found a shimmering altar of Xom.
 34867 | D:15     | Found a shimmering altar of Xom.
 34867 | D:15     | Found a shimmering altar of Xom.
 35587 | D:15     | Received a gift from Okawaru
 35774 | D:15     | Found a staircase to the Depths.
 36119 | Shoals:1 | Entered Level 1 of the Shoals
 36238 | Shoals:1 | Noticed Donald
 36254 | Shoals:1 | Killed Donald
 36255 | Shoals:1 | Reached XP level 19. HP: 125/149 MP: 23/27
 36344 | Shoals:1 | Noticed Jorgrun
 36371 | Shoals:1 | Killed Jorgrun
 36726 | Shoals:1 | Identified the +9 demon whip "Geheugek" {elec, +Rage}
                  | (Okawaru gifted it to you on level 1 of the Shoals)
 36726 | Shoals:1 | Received a gift from Okawaru
 36765 | Shoals:1 | Reached skill level 10 in Evocations
 37354 | Shoals:2 | Found Aciwer's Jewellery Boutique.
 37354 | Shoals:2 | Noticed Nikola
 37367 | Shoals:2 | Killed Nikola
 38179 | Shoals:2 | Noticed Ilsuiw
 38559 | Shoals:2 | Killed Ilsuiw
 39114 | Shoals:2 | Reached skill level 19 in Maces & Flails
 40487 | Shoals:3 | Received a gift from Okawaru
 41463 | Shoals:4 | Entered Level 4 of the Shoals
 43346 | Shoals:4 | Reached XP level 20. HP: 152/159 MP: 24/28
 43355 | Shoals:4 | Identified the +1 pair of boots of Circular Logic {rN+
                  | Regen+} (Okawaru gifted it to you on level 4 of the Shoals)
 43355 | Shoals:4 | Received a gift from Okawaru
 43789 | Shoals:4 | Identified the +9 scimitar of Annihilation {elec, Str+2}
 44271 | Shoals:4 | Identified the +5 shortbow "Vatas" {venom, Will+}
 44560 | Shoals:4 | Got a barnacled rune of Zot
 44935 | Spider:1 | Entered Level 1 of the Spider Nest
 45273 | Spider:1 | Reached skill level 20 in Maces & Flails
 45431 | Spider:1 | Reached skill level 15 in Armour
 45929 | Spider:2 | Acquired the +0 pair of fencer's gloves {Riposte Dex+3}
 45930 | Spider:2 | Found the +0 pair of fencer's gloves {Riposte Dex+3}
 45949 | Spider:2 | Reached skill level 15 in Fighting
 45953 | Spider:2 | Identified the +6 great mace "Mumilih" {drain, rC- rN+
                  | Str+2} (Okawaru gifted it to you on level 2 of the Spider
                  | Nest)
 45953 | Spider:2 | Received a gift from Okawaru
 46229 | Spider:2 | Found the +10 tower shield of Ignorance {rN+ Int-4}
 46944 | Spider:3 | Reached skill level 10 in Shields
 48182 | Spider:4 | Entered Level 4 of the Spider Nest
 48260 | Spider:3 | Reached XP level 21. HP: 97/168 MP: 26/29
 48985 | Spider:3 | Identified the +1 pair of boots of the Mind {Harm rElec rN+
                  | Will-} (Okawaru gifted it to you on level 3 of the Spider
                  | Nest)
 48985 | Spider:3 | Received a gift from Okawaru
 49442 | Spider:4 | Got a gossamer rune of Zot
 49964 | Vaults:1 | Entered Level 1 of the Vaults
 50042 | Vaults:1 | Reached skill level 15 in Shields
 50294 | Vaults:1 | Found Upoxox's Armour Emporium.
 50465 | Vaults:1 | Found Luromemp's Antique Weapon Shoppe.
 51010 | Vaults:1 | Received a gift from Okawaru
 51069 | Vaults:1 | Reached XP level 22. HP: 148/177 MP: 23/30
 51206 | Vaults:1 | Found Iruong's Armour Shop.
 51352 | Vaults:1 | Bought a scarf of resistance for 320 gold pieces
 52090 | Vaults:2 | You are sucked into a shaft and drop 2 floors!
 52624 | Vaults:4 | Received a gift from Okawaru
 52873 | Vaults:3 | Noticed Sojobo
 53008 | Vaults:3 | Reached skill level 10 in Dodging
 53281 | Vaults:3 | HP: 8/180 [air elemental/stunning burst[Sojobo] (12)]
 53309 | Vaults:3 | Killed from afar by a tengu reaver

Illustrated notes

Levels and vault maps discovered:
D:1:      wheals_arrival_linesprint, layout_basic,
          hellmonk_ecumenical_altar_heavens_door
D:2:      layout_basic, serial_shops, nicolae_lakefront_shop, minmay_surrounded
D:3:      kennysheep_big_flooded_room, layout_loops_ring, uniq_sigmund
D:4:      layout_loops_ring, minmay_temple_entry_grid
D:5:      layout_basic, serial_curves, eino_curves_02, eino_curves_03,
          grunt_ministairs_6, chequers_serial_rivers_large_b
D:6:      layout_loops_ring, kennysheep_pointless_box, uniq_edmund
D:7:      layout_rooms
D:8:      lemuel_insect_pit, layout_basic, general_overflow_altar,
          nrook_mini_backslash, kennysheep_decorative_pillar,
          uniq_prince_ribbit1, uniq_joseph
D:9:      minmay_separated_statues, layout_basic, minmay_shop_grid_forest
D:10:     layout_loops_ring, david_lair_shrubbed, ebering_ghost_disaster_area,
          nicolae_transmutations_shop
D:11:     layout_grid_maze, david_orc_3, nemelex_xobeh_ov_fountains_minmay
D:12:     layout_gridville
D:13:     minmay_the_grid_octo_tiled_squarecenter [minmay_the_grid_octo_horde,
          minmay_the_grid_octo_fat_diamond,
          minmay_the_grid_octo_tetromino_candy, minmay_the_grid_octo_teeth,
          minmay_the_grid_square_5x5_megaprize_checkered,
          minmay_the_grid_square_5x5_tie, minmay_the_grid_square_5x5_dogpile,
          minmay_the_grid_square_5x5_inverted_slash,
          minmay_the_grid_square_5x5_moneybag], layout_loops_ring,
          enter_bailey_3, minmay_misc_feat_more_columns, columned_hall_lemuel
D:14:     layout_loops_cross, erik_vaults_1, chequers_serial_rivers_marsh,
          elyvilon_altar_1, uniq_rupert
D:15:     grunt_enter_depths_magical_seal, layout_basic, xom_redecorated
Temple:   kilobyte_greek_temple
Lair:1:   layout_roguey, st_stairs_10, dpeg_stationary_puzzle,
          infiniplex_staircase_pool, uniq_fannar
Lair:2:   layout_layer_cave, st_stairs_13, minivault_11, grunt_megastairs_5
Lair:3:   layout_regular_city, elwin_shoals_entry_rocks,
          portal_ice_cave_demonic_guard, basic_altar, beast_lair_carwin_9,
          minmay_lair_oklob_chamber
Lair:4:   layout_long_grid, spider_nest_entry_rubble, serial_bayou_shore_a
Lair:5:   dragon1_lemuel, layout_regular_city, slime_altar_1
Lair:6:   hangedman_lair_in_review, layout_layer_cave, gauntlet_entry_generic,
          nicolae_volcano_entry_vermiform
Shoals:1: layout_shoals, uniq_donald, uniq_jorgrun
Shoals:2: layout_shoals, serial_shops, shop, uniq_ilsuiw, uniq_nikola
Shoals:3: layout_shoals, st_sunken_huts
Shoals:4: shoals_end_simple, layout_shoals, shoal_ilsuiw,
          nicolae_shoals_goliath_grotto
Spider:1: layout_spider_delve
Spider:2: spiders_nest_scorpion_pit
Spider:3: layout_chambers, nicolae_spider_twisty_arc_passages
Spider:4: grunt_spider_rune_parallel, drop_trap
Orc:1:    layout_caves, uniq_josephine, uniq_urug
Orc:2:    grunt_orc_community_town_hall, layout_diamond_mine,
          grunt_orc_community_big_house_1, grunt_orc_community_big_house_1,
          grunt_orc_community_house_2, grunt_orc_community_house_3,
          grunt_orc_community_house_3, grunt_orc_community_house_1,
          grunt_orc_community_house_3, grunt_orc_community_house_2,
          nicolae_orc_tapped_out, uniq_erolcha
Vaults:1: hangedman_vaults_unwind, v_misc_25, nicolae_vaults_specimen_jars,
          v_misc_13, v_pattern_5, nicolae_vaults_network_star, v_misc_24,
          ontoclasm_vaults_decontamination, ontoclasm_vaults_eye,
          vaults_mumra_hex, vaults_dpeg_hooks, v_misc_17, vaults_room_door_hall,
          grunt_vaults_hallway_short, nicolae_vaults_bisected_slash,
          layout_vaults_omnicross, serial_shops, shop_statue,
          nicolae_shop_temple_entry_statues_fountains, shop
Vaults:2: v_alt_pattern_4, v_misc_12, v_misc_26, ontoclasm_vaults_misaligned,
          v_misc_14, nicolae_vaults_network_periphery, ontoclasm_vaults_fault,
          nicolae_vaults_border_crossing, vaults_room_fours,
          layout_vaults_chaotic_city, serial_shops, shop_fountains
Vaults:3: vaults_room_pools, vaults_room_fours, v_alt_pattern_4,
          ontoclasm_vaults_idyll, hangedman_vaults_locks,
          vaults_mumra_minichess_inversion, v_misc_19, nicolae_vaults_asterisk,
          v_misc_33, minmay_crypt_entry_skeletal_spiral, v_pattern_4,
          vaults_mumra_hexcomb, ontoclasm_vaults_gateway,
          hangedman_vaults_corner_blocks, st_cells,
          nicolae_vaults_little_squares_3, layout_vaults_maze_bifur,
          nicolae_trove_entry_crossroad, uniq_sojobo
Vaults:4: gammafunk_vaults_ghost_tricky_traps, hangedman_vaults_capsules,
          v_misc_18, nicolae_vaults_network_barrier,
          nicolae_vaults_hallways_thing, nicolae_vaults_triangles,
          hangedman_vaults_trim, nicolae_vaults_theta, v_misc_11,
          vaults_dpeg_ring, vaults_room_guarded_vault, v_misc_14,
          ontoclasm_vaults_twist, layout_vaults_ring, uniq_frederick

Skill      XL: |  1  2  3  4  5  6  7  8  9 10 11 12 13 14 15 16 17 18 19 20 21 22 |
---------------+-------------------------------------------------------------------+-----
Shields        | 4 5 6 7 8 9 11 15 | 15.0
Maces & Flails | 4 5 6 8 10 11 12 14 15 16 17 18 19 20 | 20.0
Armour         | 4 5 7 8 9 10 11 12 13 14 15 16 17 | 17.1
Invocations    | 2 3 5 7 9 10 11 | 11.6
Fighting       | 4 6 8 9 11 12 13 14 15 16 | 16.9
Evocations     | 5 7 9 11 12 | 12.4
Dodging        | 5 6 7 8 10 | 10.2

Action                   |  1- 3 |  4- 6 |  7- 9 | 10-12 | 13-15 | 16-18 | 19-21 | 22-24 || total
-------------------------+-------+-------+-------+-------+-------+-------+-------+-------++-------
Melee: Flail             |   119 |   160 |   109 |       |       |       |       |       ||   388
       Mace              |       |       |    89 |       |       |       |       |       ||    89
       Dire flail        |       |       |   206 |   632 |       |       |       |       ||   838
       Demon whip        |       |       |       |   216 |  1169 |       |       |       ||  1385
       Great mace        |       |       |       |       |   238 |   909 |  1749 |   412 ||  3308
Invok: Heroism           |       |       |       |     9 |    14 |     7 |    16 |     4 ||    50
       Finesse           |       |       |       |     1 |     5 |     2 |     1 |     2 ||    11
 Abil: Dig               |       |     7 |    11 |    15 |    15 |     3 |     3 |       ||    54
       Shaft Self        |       |       |       |       |       |       |       |     1 ||     1
Evoke: Condenser vane    |       |       |       |       |       |       |     1 |       ||     1
  Use: Scroll            |       |       |     6 |     8 |    12 |     4 |     8 |     2 ||    40
       Potion            |       |       |       |     2 |     7 |     2 |     4 |     7 ||    22
 Stab: Invisible         |       |       |       |       |     2 |       |       |       ||     2
       Petrifying        |       |       |       |       |     2 |       |       |       ||     2
       Distracted        |       |       |       |       |       |     1 |       |       ||     1
Armor: Scale mail        |    52 |    53 |     1 |       |       |       |       |       ||   106
       Chain mail        |       |       |   173 |   192 |       |       |       |       ||   365
       Plate armour      |       |       |       |   177 |   438 |   300 |       |       ||   915
       Crystal plate arm |       |       |       |       |       |   141 |  1286 |   103 ||  1530
Dodge: Dodged            |    37 |    39 |    91 |   175 |   187 |   230 |   618 |    85 ||  1462
Block: Kite shield       |    61 |    83 |   215 |   414 |   486 |   492 |   816 |       ||  2567
       Tower shield      |       |       |       |       |       |       |  1101 |   511 ||  1612
       Rpst.: Great mace |       |       |       |       |       |       |    28 |     8 ||    36
